 Dungeon Crawl Stone Soup version 0.30.0-15-g856e2d3f33 (webtiles) character file.

Game seed: 16542873462639307044

17941 rundlesten the Severer (level 12, -9/166 HPs)
             Began as a Minotaur Berserker on May 17, 2023.
             Was a Believer of Trog.
             Mangled by a minotaur
             ... wielding a +0 vampiric lajatang
              (20 damage)
             ... in a Gauntlet on May 18, 2023.
             The game lasted 01:54:56 (13611 turns).

rundlesten the Severer (Minotaur Berserker)        Turns: 13611, Time: 01:54:57

Health: -9/166     AC: 17    Str: 28    XL:     12   Next: 23%
Magic:  11/11      EV: 10    Int:  4    God:    Trog [**....]
Gold:   491        SH:  5    Dex: 27    Spells: 11/11 levels left

rFire   . . .        u - -2 executioner's axe
rCold   . . .        (shield currently unavailable)
rNeg    . . .        r - +0 chain mail
rPois   +            Q - +2 hat
rElec   +            B - +1 cloak {rPois}
rCorr   .            V - +3 pair of gloves of Keatoto {rElec Dex+6 Stlth-}
SInv    .            (no boots)
Will    ++...        d - amulet of reflection Stlth
                     P - +6 ring of dexterity
HPRegen 1.47/turn    A - +6 ring of strength
MPRegen 0.12/turn

%: no teleportation, reflection
@: berserking, strong-willed, regenerating, very quick
A: horns 2, retaliatory headbutt
a: Renounce Religion, Berserk, Trog's Hand


You were in a Gauntlet.
You worshipped Trog.
Trog was pleased with you.
You visited 2 branches of the dungeon, and saw 11 of its levels.
You also visited: Gauntlet.

You collected 761 gold pieces.
You spent 270 gold pieces at shops.

Inventory:

Hand Weapons
 u - a -2 executioner's axe (weapon)
 x - a +0 heavy hand axe
 J - a +0 war axe
Missiles
 E - 4 throwing nets (quivered)
 N - 3 javelins
Armour
 r - a +0 chain mail (worn)
 B - a +1 cloak of poison resistance (worn)
 Q - a +2 hat (worn)
 V - the +3 pair of gloves of Keatoto (worn) {rElec Dex+6 Stlth-}
   (You found it in a Gauntlet)

   Dex:       It affects your dexterity (+6).
   rElec:     It insulates you from electricity.
   Stlth:     It makes you less stealthy.
Jewellery
 d - an amulet of reflection (around neck)
 e - an amulet of faith
 i - a ring of willpower
 A - a +6 ring of strength (right hand)
 P - a +6 ring of dexterity (left hand)
Wands
 a - a wand of paralysis (4)
 k - a wand of digging (7)
 w - a wand of mindburst (19)
 I - a wand of flame (24)
 K - a wand of iceblast (6)
Scrolls
 b - 2 scrolls of magic mapping
 g - 2 scrolls of enchant weapon {unknown}
 p - a scroll of silence {unknown}
 y - 5 scrolls of blinking
 D - 2 scrolls of fog
 F - 3 scrolls of teleportation
 H - 2 scrolls of enchant armour
 O - 2 scrolls of fear {unknown}
 T - a scroll of acquirement {unknown}
Potions
 c - a potion of cancellation {unknown}
 f - 3 potions of might
 h - 5 potions of curing
 j - a potion of invisibility {unknown}
 l - a potion of flight {unknown}
 m - a potion of mutation {unknown}
 q - a potion of berserk rage {unknown}
 s - 3 potions of haste
 v - a potion of attraction {unknown}
 G - 3 potions of heal wounds
 L - a potion of magic {unknown}
 M - a potion of resistance {unknown}
 R - a potion of degeneration {unknown}
Miscellaneous
 S - a phial of floods


   Skills:
 + Level 11.7 Fighting
 - Level 20.7 Axes
 + Level 1.2 Throwing
 - Level 2.4 Armour
 - Level 2.1 Dodging
 + Level 1.1 Evocations


You had 11 spell levels left.
You didn't know any spells.
Your spell library was empty.

Dungeon Overview and Level Annotations

Branches:
Dungeon (10/15)            Temple (0/1) D:4            Lair (1/5) D:10
Gauntlet (1/1)
    Orc: D:9-12

Altars:
Fedhas
Gozag
Kikubaaqudgha
Qazlal
Ru
Vehumet
Zin

Shops:
D:2 *

Annotations:
D:2 shoppe in center
D:7 exclusion: oklob plant Gauntlet 8 transporters, exclusion: 2 ice statues


Innate Abilities, Weirdness & Mutations

You have a pair of horns on your head.
You reflexively headbutt those who attack you in melee.


Message History

A minotaur comes into view.
It is wielding a +0 vampiric lajatang and quivering silver javelins.
The minotaur bellows!
The minotaur throws a silver javelin.
The silver javelin pierces through you. The minotaur closely misses you.
You furiously retaliate!
You headbutt the minotaur. The minotaur gores you!
You slash the minotaur! Your headbutt misses the minotaur.
The minotaur is lightly wounded.
The minotaur hits you with a +0 vampiric lajatang!!
The minotaur gores you.
You closely miss the minotaur.
The minotaur furiously retaliates!
The minotaur headbutts you.
The minotaur is lightly wounded.
You slice the minotaur!! You headbutt the minotaur.
The minotaur is heavily wounded.
The minotaur hits you with a +0 vampiric lajatang!!
The minotaur draws strength from your wounds!
The minotaur closely misses you.
Your skin crawls.
You feel strong-willed.
The minotaur hits you with a +0 vampiric lajatang!!
* * * LOW HITPOINT WARNING * * *
The minotaur draws strength from your wounds!
The minotaur gores you but does no damage.
A red film seems to cover your vision as you go berserk!
You feel yourself moving faster!
You feel mighty! The minotaur closely misses you.
The minotaur gores you but does no damage.
You slice the minotaur!!
The minotaur is moderately wounded.
The minotaur hits you with a +0 vampiric lajatang.
* * * LOW HITPOINT WARNING * * *
The minotaur draws strength from your wounds!
The minotaur gores you!
* * * LOW HITPOINT WARNING * * *
Unknown command.
You slice the minotaur!!
You headbutt the minotaur, but do no damage.
The minotaur is severely wounded.
The minotaur hits you with a +0 vampiric lajatang!!
You die...

.........≈# ..........#
########..###
.......#..#8#
##.##..#..###
#...##.#..#####
.....#.#..#≈8≈#
..©...©#..#...##########
.....#.#..#.8.#.@H.....#
#...##.#..#...#.###.##..
##.##..#..#.8.#.#
.......#..#...#.#
########..#...#.#
.........≈#.©.#.#
.........∩#.....#
.........≈#.©.#.#
########..#...#.#


You could see a minotaur.

Vanquished Creatures
  Josephine (D:10)
  3 two-headed ogres
  Amaemon (Lair:1)
  An orange crystal statue (Gauntlet)
  Joseph (D:9)
  Maggie (D:9)
  A cane toad (Lair:1)
  An orange demon (Lair:1)
  3 kobold demonologists (D:7)
  3 komodo dragons (D:10)
  4 hornets
  16 flying skulls (Gauntlet)
  4 wyverns
  3 wraiths (D:10)
  20 yaks
  An acid dragon (D:10)
  A water moccasin (D:8)
  4 ice beasts
  An orc warrior (D:9)
  2 ogres
  A sky beast (D:7)
  4 wolves (Lair:1)
  4 centaurs
  6 kobold brigands
  2 phantoms
  A gnoll sergeant (D:9)
  6 bullfrogs
  4 scorpions
  5 wights (D:6)
  5 killer bees (D:9)
  3 gnoll boudas
  2 hounds
  2 sleepcaps
  9 orc priests
  4 jellies
  An iguana (D:5)
  11 orc wizards
  7 adders
  23 gnolls
  A shadow imp (D:8)
  A white imp (D:6)
  2 worms (D:2)
  2 dart slugs
  33 orcs
  9 ball pythons
  8 bats
  3 endoplasms
  A giant cockroach (D:4)
  7 goblins
  4 hobgoblins
  2 quokkas
  5 frilled lizards
  17 kobolds
  7 rats
274 creatures vanquished.

Vanquished Creatures (others)
  A sky beast (D:7)
1 creature vanquished.

Grand Total: 275 creatures vanquished

Notes
Turn   | Place    | Note
-------+----------+-------------------------------------------
     0 | D:1      | rundlesten the Minotaur Berserker began the quest for the
                  | Orb.
     0 | D:1      | Reached XP level 1. HP: 19/19 MP: 0/0
    59 | D:1      | Reached skill level 4 in Axes
   151 | D:1      | Reached XP level 2. HP: 26/26 MP: 1/1
   278 | D:1      | Found a faded altar of an unknown god.
   607 | D:2      | Reached skill level 5 in Axes
   774 | D:2      | Reached XP level 3. HP: 31/31 MP: 2/2
   840 | D:2      | Found Plog's General Store.
   880 | D:2      | Reached ** piety under Trog
   891 | D:2      | Bought a potion of heal wounds for 60 gold pieces
  2031 | D:3      | Found a sacrificial altar of Ru.
  2031 | D:3      | Found a stormy altar of Qazlal.
  2039 | D:3      | Found a faded altar of an unknown god.
  2044 | D:3      | Found a radiant altar of Vehumet.
  2046 | D:3      | Found an opulent altar of Gozag.
  2117 | D:4      | Found a staircase to the Ecumenical Temple.
  2143 | D:4      | Reached skill level 6 in Axes
  2143 | D:4      | Reached XP level 4. HP: 36/39 MP: 3/3
  2155 | D:4      | Reached skill level 7 in Axes
  2155 | D:4      | Reached XP level 5. HP: 43/45 MP: 4/4
  3110 | D:5      | Entered Level 5 of the Dungeon
  3414 | D:5      | Noticed an ice beast
  3430 | D:5      | Killed an ice beast
  3431 | D:5      | Reached skill level 8 in Axes
  3431 | D:5      | Reached XP level 6. HP: 7/51 MP: 5/5
  3603 | D:5      | Identified the -1 buckler "Kececho" {*Corrode rN+ Dex+4}
  3928 | D:5      | Reached skill level 9 in Axes
  4006 | D:5      | Reached XP level 7. HP: 53/57 MP: 6/6
  4028 | D:5      | Reached skill level 10 in Axes
  4130 | D:5      | Found an ancient bone altar of Kikubaaqudgha.
  4447 | D:2      | Bought a scroll of fog for 48 gold pieces
  4447 | D:2      | Bought a +1 cloak of poison resistance for 162 gold pieces
  4789 | D:6      | Reached skill level 11 in Axes
  4860 | D:6      | Noticed a yak
  4860 | D:6      | Noticed a yak
  4861 | D:6      | Noticed a yak
  4861 | D:6      | Noticed a yak
  4861 | D:6      | Noticed a yak
  4869 | D:6      | Killed a yak
  4870 | D:6      | Reached XP level 8. HP: 64/64 MP: 7/7
  4876 | D:6      | Reached skill level 12 in Axes
  5053 | D:6      | Reached skill level 13 in Axes
  5117 | D:6      | HP: 4/96 [ogre/+0 giant spiked club (28)]
  5331 | D:6      | Reached skill level 14 in Axes
  5365 | D:6      | Reached XP level 9. HP: 70/70 MP: 8/8
  6132 | D:6      | Reached skill level 15 in Axes
  6809 | D:7      | Reached skill level 16 in Axes
  7171 | D:7      | Found a blossoming altar of Fedhas.
  7266 | D:7      | Noticed an oklob plant
  7456 | D:7      | Found the +7 Throatcutter {drain, coup de grace}
  7456 | D:7      | Noticed a kobold demonologist
  7456 | D:7      | Noticed a kobold demonologist
  7456 | D:7      | Noticed a kobold demonologist
  7465 | D:7      | Killed a kobold demonologist
  7466 | D:7      | Reached skill level 1 in Throwing
  7472 | D:7      | Noticed a smoke demon
  7523 | D:7      | Noticed a sun demon
  7527 | D:7      | Killed a kobold demonologist
  7528 | D:7      | Reached skill level 17 in Axes
  7528 | D:7      | Reached XP level 10. HP: 77/77 MP: 9/9
  8668 | D:8      | Reached *** piety under Trog
  8865 | D:8      | Found a glowing silver altar of Zin.
  9329 | D:9      | Reached skill level 1 in Evocations
  9330 | D:9      | Noticed a two-headed ogre
  9333 | D:9      | Reached skill level 18 in Axes
  9396 | D:9      | Killed a two-headed ogre
  9582 | D:9      | Noticed Maggie
  9784 | D:9      | Killed Maggie
 10102 | D:9      | Reached skill level 19 in Axes
 10326 | D:9      | Noticed Joseph
 10344 | D:9      | Killed Joseph
 10345 | D:9      | Reached XP level 11. HP: 82/82 MP: 10/10
 10719 | D:10     | Entered Level 10 of the Dungeon
 10749 | D:10     | Noticed Josephine
 10756 | D:10     | Killed Josephine
 10757 | D:10     | Reached skill level 20 in Axes
 11138 | D:10     | Upgraded the game from 0.30.0-13-g156ef70053 to
                  | 0.30.0-15-g856e2d3f33
 11211 | D:10     | Noticed a two-headed ogre
 11227 | D:10     | Killed a two-headed ogre
 11391 | D:10     | Noticed a two-headed ogre
 11403 | D:10     | Killed a two-headed ogre
 12473 | D:10     | Found a staircase to the Lair.
 12581 | Lair:1   | Entered Level 1 of the Lair of Beasts
 12592 | Lair:1   | Paralysed by a hornet for 2 turns
 12917 | Lair:1   | Noticed Amaemon
 12925 | Lair:1   | Killed Amaemon
 12936 | Lair:1   | Reached **** piety under Trog
 12956 | Lair:1   | Found a gate leading to a gauntlet.
 12966 | Gauntlet | Entered a Gauntlet
 12966 | Gauntlet | Found a transporter.
 12966 | Gauntlet | Found a transporter.
 12966 | Gauntlet | Found a transporter.
 12966 | Gauntlet | Found a transporter.
 13014 | Gauntlet | Found a transporter.
 13027 | Gauntlet | Found a transporter.
 13041 | Gauntlet | Found a transporter.
 13051 | Gauntlet | Found a transporter.
 13067 | Gauntlet | Found a transporter.
 13073 | Gauntlet | Found a transporter.
 13087 | Gauntlet | Found a transporter.
 13087 | Gauntlet | Noticed an orange crystal statue
 13105 | Gauntlet | Found a transporter.
 13142 | Gauntlet | Reached skill level 10 in Fighting
 13142 | Gauntlet | Reached XP level 12. HP: 104/106 MP: 11/11
 13493 | Gauntlet | Identified the +3 pair of gloves of Keatoto {rElec Dex+6
                  | Stlth-}
 13602 | Gauntlet | Noticed a minotaur
 13611 | Gauntlet | Mangled by a minotaur

Illustrated notes

Levels and vault maps discovered:
D:1:      scummos_arrival_star, layout_rooms, shapermc_ecumenical_altar_pompeii,
          grunt_decor_cap, hangedman_decor_opposing
D:2:      layout_basic, serial_shops, shop, nrook_mini_backslash,
          minmay_liquid_box
D:3:      layout_rooms, chequers_temple_overflow_minitemple,
          corexii_leaking_fountain
D:4:      layout_basic, temple_pool_b, st_stairs_1
D:5:      layout_gridville, kennysheep_mini_moat, minmay_misc_feat_square
D:6:      old_forge, layout_loops_cross, enter_ossuary_1
D:7:      layout_rooms, tgw_fedhas, dilly_guarded_unrand_throatcut
D:8:      layout_basic, zin_academy, roderic_lattice_a
D:9:      layout_rooms, uniq_maggie, uniq_joseph
D:10:     layout_irregular_city, erik_lair_dragon, uniq_josephine
Lair:1:   layout_regular_city, gauntlet_entry_generic, dreamdust_wasp_nest,
          uniq_amaemon
Gauntlet: gammafunk_gauntlet_shortcut [gammafunk_gauntlet_arena_crates,
          gammafunk_gauntlet_arena_split_diamond,
          gammafunk_gauntlet_arena_spirals, nicolae_gauntlet_arena_blocks,
          gammafunk_gauntlet_arena_grid, gammafunk_gauntlet_arena_corners,
          dreamdust_gauntlet_exit_labyrinth]

Skill      XL: |  1  2  3  4  5  6  7  8  9 10 11 12 |
---------------+-------------------------------------+-----
Axes           | 4 5 6 7 8 9 11 14 17 19 20 | 20.7
Throwing       | 1 |  1.2
Evocations     | 1 |  1.1
Fighting       | 10 11 | 11.7
Armour         | |  2.4
Dodging        | |  2.1

Action                     |  1- 3 |  4- 6 |  7- 9 | 10-12 || total
---------------------------+-------+-------+-------+-------++-------
  Melee: Hand axe          |   101 |    79 |   119 |       ||   299
         Headbutt          |    16 |    14 |    43 |    68 ||   141
         Punch             |     1 |     1 |       |       ||     2
         Executioner's axe |       |       |   113 |   284 ||   397
  Throw: Throwing net      |       |       |     2 |       ||     2
         Boomerang         |       |       |     1 |       ||     1
 Invoke: Berserk           |     1 |     2 |    12 |    11 ||    26
         Trog's Hand       |     1 |     2 |    12 |    11 ||    26
  Evoke: Wand              |       |       |     4 |       ||     4
    Use: Scroll            |     2 |     3 |     3 |     6 ||    14
         Potion            |       |       |     4 |       ||     4
 Armour: Ring mail         |    62 |     6 |       |       ||    68
         Chain mail        |       |    24 |    98 |   134 ||   256
  Dodge: Dodged            |    76 |    28 |    99 |   137 ||   340
